Map: Acropolis LE

Players

Mez - Winner!

  • Race: Protoss Protoss
  • League: Master
  • Spawn Location: 5:00

Bonzo

  • Race: Protoss Protoss
  • Spawn Location: 11:00

VOD

Have the link to the VOD?

Description

Time

  • Played on: Aug. 16, 2019, 2:19 p.m.
  • Length: 4:48
Show
View Real Time Build Order
Export as new Build Order

Mez Protoss - Winner!

Build Orders:  

Get SALT Encoding   

  12  0:01  Probe  
  13  0:13  Probe  
  14  0:20  Pylon  
  14  0:25  Probe  
  15  0:38  Probe  
  15  0:39  Gateway  
  16  0:46  Assimilator  
  16  0:50  Probe  
  17  1:01  Probe, Pylon  
  17  1:10  Probe  
  19  1:19  Probe  
  19  1:24  Assimilator  
  20  1:28  Cybernetics Core  
  20  1:31  Probe  
  21  1:42  Gateway  
  21  1:44  Probe  
  22  1:50  Gateway  
  22  1:55  Warp Gate  
  22  2:00  Gateway  
  22  2:09  Probe  
  22  2:12  Stalker  
  25  2:30  Pylon  
  25  2:39  Stalker  
  25  2:43  Stalker  
  29  2:48  Stalker  
  31  2:56  Stalker  
  33  3:10  Pylon  
  31  3:44  Stalker  
  31  3:45  Stalker x3  
  39  3:50  Pylon  
  39  4:45  Stalker x4  
Show
View Real Time Build Order
Export as new Build Order

Bonzo Protoss 

Build Orders:  

Get SALT Encoding   

  12  0:09  Assimilator  
  12  0:20  Pylon  
  12  0:31  Pylon  
  12  0:34  Probe  
  13  0:46  Probe  
  14  0:57  Gateway  
  14  1:12  Forge  
  14  1:20  Probe  
  15  1:32  Probe  
  16  1:48  Zealot  
  18  2:13  Cybernetics Core  
  18  2:15  Zealot  
  20  2:32  Pylon  
  20  2:36  Pylon  
  20  2:41  Pylon  
  20  2:42  Zealot  
  22  2:51  Photon Cannon  
  22  3:01  Photon Cannon  
  22  3:05  Probe  
  23  3:07  Zealot  
  25  3:17  Probe  
  26  3:27  Zealot  
  26  3:35  Probe  
  29  3:47  Probe  
  30  3:54  Stalker  
  32  3:59  Probe  
  31  4:12  Probe  
  28  4:24  Probe  
Tags
 
League
Master
Matchup
PvP
Spawn Locations
Cross Positions
Add a new tag
Caveats
  • Supply blocks, unpowered buildings, or Contaminate may cause inaccurate times.
  • Supply counts are checked every 10 seconds.